 Dungeon Crawl Stone Soup version 0.22.0-18-ge075c0de6d (webtiles) character file.

403 Flugkiller the Sneak (level 6, -6/56 HPs)
             Began as a Naga Wanderer on Aug 18, 2018.
             Was a Follower of Zin.
             Mangled by an ogre
             ... wielding a +0 giant spiked club
              (27 damage)
             ... on level 4 of the Dungeon.
             The game lasted 00:06:30 (5017 turns).

Flugkiller the Sneak (Naga Wanderer)                Turns: 5017, Time: 00:06:31

Health: -6/56      AC:  5    Str: 16    XL:     6   Next: 86%
Magic:  7/7        EV:  8    Int: 11    God:    Zin [*.....]
Gold:   126        SH:  2    Dex: 12    Spells: 7/7 levels left

rFire    . . .     SeeInvis +   b - +0 spear
rCold    . . .     Gourm    .   (no shield)
rNeg     . . .     Faith    .   k - +0 ring mail
rPois    +         Spirit   .   y - +0 helmet
rElec    .         Reflect  +   (no cloak)
rCorr    .         Harm     .   (no gloves)
MR       .....                  (no barding)
Stlth    ++........             p - +2 amulet of reflection
HPRegen  0.18/turn              d - ring of flight
MPRegen  0.10/turn              (no ring)

@: short of breath, very slow
A: large, see invisible, deformed body, poison resistance, slowness 2, slow
metabolism 1, spit poison 1, AC +2
a: Spit Poison, Recite, Donate Gold, Renounce Religion, Evoke Flight


You were on level 4 of the Dungeon.
You worshipped Zin.
Zin was aware of your devotion.
You were not hungry.

You visited 1 branch of the dungeon, and saw 4 of its levels.

You collected 139 gold pieces.
You donated 13 gold pieces to Zin.

Inventory:

Hand Weapons
 b - a +0 spear (weapon)
 e - a +0 club
Missiles
 h - 7 tomahawks of returning (quivered)
Armour
 k - a +0 ring mail (worn)
 y - a +0 helmet (worn)
Jewellery
 d - a ring of flight (left hand)
 p - a +2 amulet of reflection (around neck)
Wands
 a - a wand of paralysis (12)
 v - a wand of digging (15)
Scrolls
 c - 4 scrolls of teleportation
 l - 3 scrolls of remove curse
 m - 3 scrolls of identify {unknown}
 n - a scroll of amnesia {unknown}
 r - a scroll of enchant armour {unknown}
 s - a scroll of fear {unknown}
 t - a scroll of immolation {unknown}
Potions
 g - a potion of heal wounds {unknown}
 i - 2 potions of berserk rage
 j - a potion of might {unknown}
 o - 2 potions of degeneration {unknown}
 q - a potion of haste {unknown}
 u - a potion of brilliance {unknown}
 w - a potion of curing {unknown}
 z - a potion of flight {unknown}
Comestibles
 f - 8 rations


   Skills:
 + Level 3.2 Fighting
   Level 1.0 Short Blades
 * Level 4.4 Polearms
 - Level 1.0 Dodging
 + Level 5.5 Stealth
 - Level 1.0 Spellcasting
   Level 3.0 Earth Magic
   Level 1.3 Poison Magic
 - Level 2.0 Evocations


You had 7 spell levels left.
You didn't know any spells.
Your spell library contained the following spells:

 Spells                   Type           Power        Failure   Level  Hunger
 Flame Tongue             Conj/Fire      #....        52%         1    ##.....
 Inner Flame              Hex/Fire       #.......     88%         3    ####...


Dungeon Overview and Level Annotations

Branches:
Dungeon (4/15)
 Temple: D:4-7

Altars:
Dithmenos
Okawaru
Ru
Uskayaw
Vehumet
Wu Jian
Yredelemnul
Zin
The Shining One

Shops:
D:4 (


Innate Abilities, Weirdness & Mutations

You cannot wear boots.
Your serpentine skin is tough. (AC +2)
You have supernaturally acute eyesight. (SInv)
Armour fits poorly on your strangely shaped body.
Your system is resistant to poisons. (rPois)
You cover ground very slowly.
You have a slow metabolism.
You can spit poison.


Message History

You hit the adder skeleton but do no damage.
The adder skeleton is almost destroyed.
The ooze hits you but does no damage. The adder skeleton bites you.
You barely miss the adder skeleton.
The adder skeleton is almost destroyed.
The ooze hits you. The adder skeleton closely misses you.
You hit the adder skeleton.
You destroy the adder skeleton!
Zin accepts your kill. The ooze hits you. The ooze hits you.
Press: ? - help, Shift-Dir - straight line The splash of poison hits the ogre.
The ogre is poisoned.
The ogre is moderately wounded.
You feel slightly more hungry. The ooze hits you but does no damage.
The ooze closely misses you.
You hit the ogre.
The ogre is severely wounded.
The ogre hits you with a giant spiked club!!
You die...

#.#..#......#...# ##......#
###....######..)# #......#
#...#######...# ##.....## ###
#..####.......# #......###...
#.####........#####†...........
#####.........##...#....P.P....
###..........##...#..#.._.....
#............##...##>#.P.P....
##########...@J...............
#....O........#.#....
#.............#.##...
#...............# ...
#.............. #..............
#............. #............
#............


You could see an ogre and an ooze.

Vanquished Creatures
  An ogre (D:4)
  A scorpion (D:2)
  A hound (D:4)
  Jessica (D:3)
  Ijyb (D:4)
  A worker ant (D:4)
  A hound zombie (D:4)
  Robin (D:4)
  3 adders
  A gnoll (D:1)
  3 oozes
  2 adder skeletons (D:4)
  A worm (D:1)
  A dart slug (D:1)
  A leopard gecko (D:4)
  4 orcs
  3 giant cockroaches
  17 goblins
  9 hobgoblins
  4 quokkas
  6 bats
  3 frilled lizards (D:2)
  2 kobolds
  14 rats
82 creatures vanquished.

Notes
Turn   | Place    | Note
-------+----------+-------------------------------------------
     0 | D:1      | Flugkiller the Naga Wanderer began the quest for the Orb.
     0 | D:1      | Flugkiller set off with: a wand of paralysis (15), a scroll of teleportation, a +0 robe, a +0 club, a ration
     0 | D:1      | Reached XP level 1. HP: 15/15 MP: 2/2
   288 | D:1      | Reached skill level 2 in Stealth
   364 | D:1      | Reached skill level 1 in Fighting
   364 | D:1      | Reached XP level 2. HP: 15/25 MP: 3/3
   761 | D:1      | Reached skill level 1 in Polearms
  1012 | D:1      | Reached skill level 3 in Stealth
  1012 | D:1      | Reached XP level 3. HP: 31/31 MP: 4/4
  2145 | D:2      | Reached XP level 4. HP: 39/39 MP: 5/5
  2173 | D:2      | Found a hide-covered altar of Uskayaw.
  2241 | D:2      | Found a radiant altar of Vehumet.
  2243 | D:2      | Found a sacrificial altar of Ru.
  2245 | D:2      | Found a glowing silver altar of Zin.
  2246 | D:2      | Found an ornate altar of the Wu Jian Council.
  2275 | D:2      | Became a worshipper of Zin the Law-Giver
  2406 | D:2      | Zin protects you from harm!
  2416 | D:2      | Reached skill level 4 in Stealth
  2416 | D:2      | Reached XP level 5. HP: 7/45 MP: 6/6
  3033 | D:3      | Noticed Jessica
  3067 | D:3      | Killed Jessica
  3107 | D:3      | Found a shadowy altar of Dithmenos.
  3204 | D:3      | Reached * piety under Zin
  3907 | D:4      | Found a basalt altar of Yredelemnul.
  3925 | D:4      | Noticed Ijyb
  3929 | D:4      | Noticed an ogre
  3964 | D:4      | HP: 2/46 [orc/whip (6)]
  3969 | D:4      | Killed Ijyb
  3969 | D:4      | Reached XP level 6. HP: 4/55 MP: 7/7
  3974 | D:4      | Reached skill level 5 in Stealth
  4269 | D:4      | Found an iron altar of Okawaru.
  4304 | D:4      | Found Jarch's Antique Weapon Boutique.
  4490 | D:4      | Found a glowing golden altar of the Shining One.
  4599 | D:4      | Noticed Robin
  4652 | D:4      | Killed Robin
  5017 | D:4      | Mangled by an ogre

Skill      XL: |  1  2  3  4  5  6 |
---------------+-------------------+-----
Stealth        | 2 3 4 5 |  5.5
Fighting       | 1 2 3 |  3.2
Polearms       | 1 2 3 4 |  4.4
Short Blades   | |  1.0
Dodging        | |  1.0
Spellcasting   | |  1.0
Earth Magic    | |  3.0
Poison Magic   | |  1.3
Evocations     | |  2.0

Action                   |  1- 3 |  4- 6 || total
-------------------------+-------+-------++-------
Melee: Club              |    13 |       ||    13
       Spear             |    96 |   258 ||   354
 Abil: Spit Poison       |    11 |    13 ||    24
Evoke: Wand              |       |     3 ||     3
  Use: Potion            |       |     2 ||     2
       Scroll            |       |     1 ||     1
 Stab: Sleeping          |     4 |     5 ||     9
       Paralysed         |       |     7 ||     7
  Eat: Chunk             |     3 |     8 ||    11
Armor: Robe              |    23 |     9 ||    32
       Ring mail         |       |    98 ||    98
Dodge: Dodged            |    43 |   137 ||   180
Block: Other             |       |    13 ||    13
